[Event "Titled Tuesday Blitz April 12 Late 2022"]
[White "Bluebaum, Matthias"]
[Black "Savchenko, Boris"]
[WhiteFideId "24651516"]
[BlackFideId "4147332"]
[WhiteElo "2550"]
[BlackElo "2557"]
[Result "1/2-1/2"]
[Round "03"]
[TimeControl "180+1"]
[Date "2022.04.12"]
[WhiteClock "0:00:18"]
[BlackClock "0:00:25"]

1. d4 Nf6 2. c4 g6 3. Nc3 d5 4. cxd5 Nxd5 5. e4 Nxc3 6. bxc3 Bg7 7. Nf3 c5 8. Bb5+ Nc6 9. O-O O-O 10. Bxc6 bxc6 11. Qc2 c4 12. a4 Bg4 13. Ne5 Bxe5 14. dxe5 Qd3 15. Qxd3 cxd3 16. f3 Be6 17. Be3 Bb3 18. Rfb1 Rfb8 19. a5 Rb5 20. a6 c5 21. c4 Bxc4 22. Rxb5 Bxb5 23. Bxc5 Rd8 24. Bxe7 Rc8 25. Bg5 Rc2 26. Rb1 Bxa6 27. Rb8+ Bc8 28. Ra8 a6 29. g4 Kf8 30. h4 Ke8 31. Kf1 h5 32. gxh5 gxh5 33. Ke1 Kd7 34. Ra7+ Rc7 35. Rxc7+ Kxc7 36. Kd2 a5 37. Kxd3 Kd7 38. Bd2 a4 39. Bb4 Bb7 40. Kd4 Ke6 41. f4 Bc6 42. Ba3 Bb7 43. f5+ Kd7 44. Ke3 Ba6 45. Kf4 Bd3 46. Bb2 Bc2 47. Ba3 Bd3 48. Bb4 Bc2 49. Bc5 Bb1 50. Ba3 Bc2 51. Kg5 Bxe4 52. Kxh5 Bxf5 53. Kg5 Ke6 54. Bb2 a3 55. Ba1 Be4 56. h5 a2 57. Kh6 Bf3 58. Bb2 Kf5 59. Ba1 Bg4 60. Bb2 Bf3 61. Ba1 Kg4 62. Bb2 Bd5 63. Ba1 Kh4 64. Bb2 Bf3 65. Kg7 Bxh5 66. Kf6 Kg4 67. e6 fxe6 68. Kxe6 a1=Q 69. Bxa1 1/2-1/2


[Site "https://www.chess.com"]

[Event "Titled Tuesday Blitz April 12 Late 2022"]
[White "Bordi, Kevin"]
[Black "Guzman Moneo, Alberto"]
[WhiteFideId "621862"]
[BlackFideId "2209616"]
[WhiteElo "2767"]
[BlackElo "2157"]
[Result "1-0"]
[Round "03"]
[TimeControl "180+1"]
[Date "2022.04.12"]
[WhiteClock "0:00:57"]
[BlackClock "0:00:01"]

1. e4 c5 2. Nf3 Nc6 3. Bc4 e6 4. O-O Nf6 5. Re1 Nxe4 6. Rxe4 d5 7. Bxd5 Qxd5 8. Nc3 Qd8 9. d4 cxd4 10. Nxd4 Bd7 11. Ndb5 Rc8 12. Bf4 a6 13. Nd6+ Bxd6 14. Bxd6 f6 15. Qh5+ g6 16. Qh6 Kf7 17. Rd1 Ne7 18. Bxe7 Qxe7 19. Nd5 Qd6 20. Red4 exd5 21. Rxd5 Qxd5 22. Rxd5 Be6 23. Rd2 Rc5 24. h3 Rh5 25. Qe3 Re8 26. Qg3 Re7 27. Qb8 Rd5 28. Rxd5 Bxd5 29. b3 Bc6 30. Qh8 Ke6 31. c4 Rd7 32. f3 h5 33. Qg8+ Kf5 34. Kh2 h4 35. b4 Rd2 36. Qc8+ Kg5 37. Qg4+ Kh6 38. Qf4+ g5 39. Qxd2 1-0


[Site "https://www.chess.com"]

[Event "Titled Tuesday Blitz April 12 Late 2022"]
[White "Cabarkapa, Novak"]
[Black "Ozdemir, Serhan Berat"]
[WhiteFideId "943746"]
[BlackFideId "6374611"]
[WhiteElo "2669"]
[BlackElo "2471"]
[Result "1-0"]
[Round "03"]
[TimeControl "180+1"]
[Date "2022.04.13"]
[WhiteClock "0:00:11"]
[BlackClock "0:00:06"]

1. d4 Nf6 2. Nc3 d5 3. Bf4 g6 4. e3 Bg7 5. h4 h5 6. Nf3 O-O 7. Ne5 c5 8. Be2 Nc6 9. g4 Nxe5 10. Bxe5 Nxg4 11. Bxg7 Kxg7 12. dxc5 Nf6 13. Qd4 Bf5 14. Rg1 Re8 15. f4 Rc8 16. Bxh5 Qc7 17. b4 e5 18. fxe5 Qxe5 19. Be2 Qxe3 20. Qxf6+ Kxf6 21. Nxd5+ Kg7 22. Nxe3 Rxe3 23. Kf2 Rce8 24. Rge1 Rc3 25. Rac1 Ree3 26. Bd3 Rxe1 27. Rxe1 Bxd3 28. cxd3 Rxd3 29. Re7 Rd2+ 30. Ke3 Rxa2 31. Rxb7 Rb2 32. c6 Rc2 33. b5 a6 34. bxa6 Rxc6 35. a7 Ra6 36. Kd4 Ra5 37. Kc4 Ra1 38. Kb5 Kf6 39. Rb6+ Kf5 40. Ra6 Rb1+ 41. Kc4 Rc1+ 42. Kd3 Rc8 43. a8=Q Rxa8 44. Rxa8 Kg4 45. Rh8 f5 46. Ke2 Kg3 47. Rh6 f4 48. Rxg6+ Kxh4 49. Kf3 1-0


[Site "https://www.chess.com"]

[Event "Titled Tuesday Blitz April 12 Late 2022"]
[White "Caruana, Fabiano"]
[Black "Urazayev, Arystanbek"]
[WhiteFideId "2020009"]
[BlackFideId "13709810"]
[WhiteElo "2744"]
[BlackElo "2422"]
[Result "1-0"]
[Round "03"]
[TimeControl "180+1"]
[Date "2022.04.12"]
[WhiteClock "0:00:14"]
[BlackClock "0:00:11"]

1. e4 e5 2. Nf3 Nc6 3. Bc4 Bc5 4. c3 Nf6 5. d3 d6 6. O-O a5 7. Nbd2 O-O 8. h3 h6 9. Re1 Be6 10. Bb5 Nd7 11. Nf1 f5 12. exf5 Bxf5 13. Ng3 Bg6 14. d4 Bb6 15. Be3 exd4 16. Nxd4 Nxd4 17. Bxd4 c6 18. Bd3 Bxd4 19. cxd4 Bxd3 20. Qxd3 d5 21. Re6 Qb6 22. Nf5 Rf7 23. Rae1 Nf8 24. Re7 Qxb2 25. Rxf7 Kxf7 26. Re7+ Kf6 27. Rxg7 Qc1+ 28. Kh2 Qf4+ 29. Rg3 h5 30. Ng7 Ke7 31. Nxh5 Qd6 32. Qf5 Re8 33. f4 Kd8 34. Rg7 Nd7 35. Rg6 Qe7 36. Ng7 Rh8 37. Ne6+ Kc8 38. Rg7 Qf6 39. Qg4 Rh4 40. Rg8+ Nf8 41. Rxf8+ Qxf8 42. Nxf8+ 1-0


[Site "https://www.chess.com"]

[Event "Titled Tuesday Blitz April 12 Late 2022"]
[White "Coelho, Ramyres Santana"]
[Black "profaVa"]
[WhiteFideId "2120690"]
[WhiteElo "1888"]
[BlackElo "2413"]
[Result "0-1"]
[Round "03"]
[TimeControl "180+1"]
[Date "2022.04.13"]
[WhiteClock "0:01:42"]
[BlackClock "0:00:15"]

1. e4 e5 2. Nf3 Nc6 3. d4 exd4 4. Bc4 Nf6 5. e5 d5 6. Bb5 Ne4 7. Nxd4 Bc5 8. Nxc6 Bxf2+ 9. Kf1 Qh4 10. Nxa7+ c6 11. Nxc8 Ng3+ 12. hxg3 Qxh1+ 13. Ke2 Qh5+ 14. Kd2 Be3+ 15. Ke1 Bf2+ 16. Kd2 Qg5+ 17. Kc3 Qxe5+ 18. Kb3 cxb5 19. Bf4 Qe6 20. Nd6+ Kd7 21. Qd4 Bxd4 22. Nd2 Be5 23. Bxe5 d4+ 24. Kb4 Qxe5 25. N2e4 Ra4+ 26. Kb3 Qd5+ 27. c4 Rxc4 28. Rf1 Rc1+ 29. Kb4 Rxf1 30. a3 Qxd6+ 31. Nxd6 Kxd6 32. Kxb5 Rf2 33. b4 Rxg2 34. a4 d3 35. a5 d2 36. Kb6 d1=Q 37. Kxb7 Qb3 38. a6 Qxb4+ 39. Ka7 Qb8# 0-1


[Site "https://www.chess.com"]

[Event "Titled Tuesday Blitz April 12 Late 2022"]
[White "Constantinou, Peter"]
[Black "Begmuratov, Khumoyun"]
[WhiteFideId "413038"]
[BlackFideId "14210207"]
[WhiteElo "2469"]
[BlackElo "2660"]
[Result "0-1"]
[Round "03"]
[TimeControl "180+1"]
[Date "2022.04.13"]
[WhiteClock "0:01:53"]
[BlackClock "0:02:07"]

1. b3 Nf6 2. Bb2 g6 3. d4 Bg7 4. Nf3 c5 5. dxc5 Qa5+ 6. Nbd2 Qxc5 7. e3 O-O 8. c4 Nc6 9. Be2 d5 10. O-O Rd8 11. cxd5 Qxd5 12. Nc4 Be6 13. Qxd5 Nxd5 14. Bxg7 Kxg7 15. Rac1 Rac8 16. Rfd1 Nf6 17. Kf1 Ne4 18. Nfd2 Nxd2+ 19. Nxd2 Nb4 20. Rc7 Rxc7 0-1


[Site "https://www.chess.com"]

[Event "Titled Tuesday Blitz April 12 Late 2022"]
[White "Curtis, John"]
[Black "Novikova, Galina"]
[WhiteFideId "3200256"]
[BlackFideId "4157095"]
[WhiteElo "2203"]
[BlackElo "1863"]
[Result "1-0"]
[Round "03"]
[TimeControl "180+1"]
[Date "2022.04.13"]
[WhiteClock "0:01:52"]
[BlackClock "0:01:56"]

1. e4 e6 2. d4 d5 3. Nd2 Nc6 4. Ngf3 g5 5. h3 Qf6 6. c3 Bd7 7. Bd3 O-O-O 8. b4 h5 9. b5 Na5 10. Ne5 Bd6 11. Nxd7 Rxd7 12. e5 Bxe5 13. dxe5 Qxe5+ 14. Qe2 Qxc3 15. Rb1 Qf6 16. Bb2 e5 17. Bxe5 Qh6 18. Bxh8 Qxh8 19. Qe8+ Rd8 20. Bf5+ 1-0


[Site "https://www.chess.com"]

[Event "Titled Tuesday Blitz April 12 Late 2022"]
[White "Dahlgren, James Allen"]
[Black "Bibasa, Bob"]
[WhiteFideId "22256873"]
[BlackFideId "10000240"]
[WhiteElo "2096"]
[BlackElo "2056"]
[Result "1/2-1/2"]
[Round "03"]
[TimeControl "180+1"]
[Date "2022.04.13"]
[WhiteClock "0:00:33"]
[BlackClock "0:00:43"]

1. d3 d5 2. f4 Nf6 3. Nf3 c5 4. g3 g6 5. Bg2 Bg7 6. O-O O-O 7. Nc3 d4 8. Ne4 Nbd7 9. c4 Qc7 10. h3 b6 11. e3 dxe3 12. Bxe3 Bb7 13. Qc2 Rfd8 14. Kh2 Nf8 15. Rad1 Ne6 16. b3 Rd7 17. Rf2 Rad8 18. Rfd2 Qb8 19. Ne5 Rc7 20. d4 cxd4 21. Bxd4 Nxd4 22. Rxd4 Rxd4 23. Rxd4 Nxe4 24. Bxe4 Bxe5 25. fxe5 Qa8 26. Bxb7 Qxb7 27. Qd2 Kg7 28. Qf4 Qc6 29. h4 Rd7 30. h5 Rxd4 31. h6+ Kf8 32. Qxd4 Ke8 33. e6 Qxe6 34. Qh8+ Kd7 35. Qxh7 Qe2+ 36. Kh3 Qh5+ 37. Kg2 Ke6 38. Qg7 Qe2+ 39. Kh3 Qf1+ 40. Kh2 Qf2+ 41. Kh3 Qg1 42. h7 Qh1+ 43. Kg4 f5+ 44. Kg5 Qh5+ 45. Kf4 Qg4+ 46. Ke3 Qxg3+ 47. Kd2 Qf2+ 48. Kc3 Qe3+ 49. Kb2 Qd2+ 50. Ka3 Qa5+ 51. Kb2 Qd2+ 52. Ka3 Qa5+ 53. Kb2 Qd2+ 1/2-1/2


[Site "https://www.chess.com"]

[Event "Titled Tuesday Blitz April 12 Late 2022"]
[White "Dimakiling, Oliver"]
[Black "Noboa Silva, Kevin"]
[WhiteFideId "5202248"]
[BlackFideId "3618471"]
[WhiteElo "2700"]
[BlackElo "2507"]
[Result "0-1"]
[Round "03"]
[TimeControl "180+1"]
[Date "2022.04.13"]
[WhiteClock "0:01:00"]
[BlackClock "0:00:12"]

1. e4 e6 2. d3 d5 3. Nd2 c5 4. Ngf3 Nf6 5. c3 Be7 6. e5 Nfd7 7. d4 Nc6 8. Bb5 Qb6 9. Bxc6 bxc6 10. O-O O-O 11. Re1 cxd4 12. cxd4 c5 13. Nf1 Ba6 14. Ng3 cxd4 15. Nxd4 Rac8 16. b3 Bb4 17. Be3 Bxe1 18. Qxe1 Nxe5 19. Ndf5 Qc7 20. Rc1 Qd7 21. Nxg7 Nd3 22. Qd1 Nxc1 23. Qg4 Ne2+ 24. Nxe2 Bxe2 25. f3 Kh8 26. Bd4 f6 27. Nh5 Qe7 28. Qh4 e5 29. Be3 Bd3 30. Bh6 Bg6 31. Bg7+ Kg8 32. Bxf6 Qc5+ 33. Kf1 Bd3+ 34. Ke1 Qe3+ 0-1


[Site "https://www.chess.com"]

[Event "Titled Tuesday Blitz April 12 Late 2022"]
[White "Djokic, Mihailo"]
[Black "Rasulov, Vugar"]
[WhiteFideId "976440"]
[BlackFideId "13402390"]
[WhiteElo "2202"]
[BlackElo "2560"]
[Result "0-1"]
[Round "03"]
[TimeControl "180+1"]
[Date "2022.04.12"]
[WhiteClock "0:00:01"]
[BlackClock "0:00:10"]

1. e4 e5 2. Nf3 Nc6 3. Nc3 Nf6 4. Bb5 Bb4 5. O-O Bxc3 6. bxc3 d6 7. Re1 O-O 8. d4 Bd7 9. Rb1 Rb8 10. Bg5 Bg4 11. h3 Bxf3 12. Qxf3 h6 13. Bh4 Qe7 14. Qd3 Nd8 15. a4 Ne6 16. Bg3 Rfd8 17. Qe3 a6 18. Bc4 Ng5 19. f3 c5 20. h4 Ngh7 21. Rb2 Nh5 22. Bf2 Nf4 23. Reb1 cxd4 24. cxd4 Rdc8 25. Bxa6 Qf6 26. Rxb7 Rxb7 27. Bxb7 Rxc2 28. d5 Qg6 29. g4 Nh3+ 30. Kg2 Nxf2 31. Qb3 Rd2 32. Kf1 Nxe4 33. Bc8 Nf8 34. Rc1 Rh2 35. Ke1 Rh1+ 36. Ke2 Rxc1 37. Bf5 Ng3+ 38. Kd2 Nxf5 39. Kxc1 Nxh4 40. a5 Qg5+ 41. Kb2 Qd2+ 42. Qc2 Qxa5 43. Qc7 Qxc7 0-1


[Site "https://www.chess.com"]

[Event "Titled Tuesday Blitz April 12 Late 2022"]
[White "Estrada Nieto, Julian"]
[Black "Najer, Evgeniy"]
[WhiteFideId "5101018"]
[BlackFideId "4118987"]
[WhiteElo "2450"]
[BlackElo "2637"]
[Result "0-1"]
[Round "03"]
[TimeControl "180+1"]
[Date "2022.04.13"]
[WhiteClock "0:00:01"]
[BlackClock "0:00:25"]

1. e4 c6 2. d4 d5 3. exd5 cxd5 4. Bd3 Nc6 5. c3 Nf6 6. Nf3 Bg4 7. Bf4 e6 8. Nbd2 Bd6 9. Bxd6 Qxd6 10. Qb3 O-O 11. O-O Rab8 12. a4 Qc7 13. Rfe1 Ne7 14. Ne5 Bf5 15. Bf1 Ng6 16. Nxg6 Bxg6 17. h3 h6 18. a5 Rfc8 19. Qa3 Ne4 20. Nf3 Nd6 21. Ne5 Bf5 22. Rec1 f6 23. Nf3 Nc4 24. Bxc4 Qxc4 25. Re1 Qc6 26. Nd2 Re8 27. Nf1 e5 28. Ng3 Bd3 29. Rad1 e4 30. Nf5 Kh7 31. Qa1 b5 32. Qc1 Qd7 33. Qf4 b4 34. Rc1 b3 35. h4 h5 36. g4 hxg4 37. Qxg4 g6 38. Ne3 Qxg4+ 39. Nxg4 Kg7 40. Kg2 Rb5 41. Ra1 Re6 42. Ra4 Ra6 43. Rea1 Kf7 44. Ne3 Ke6 45. Kg3 Rc6 46. Kf4 Rc8 47. a6 Rh8 48. Ng2 Rh5 49. Kg4 Be2+ 50. Kg3 g5 51. Ra5 gxh4+ 52. Nxh4 Rg5+ 53. Kh2 Rb8 54. Rc5 Rh8 55. Kh3 Bg4+ 56. Kg3 Bf5+ 57. Kf4 Rxh4+ 0-1


[Site "https://www.chess.com"]

[Event "Titled Tuesday Blitz April 12 Late 2022"]
[White "Fajdetic, Hrvoje"]
[Black "Prohorov, Olexandr"]
[WhiteFideId "14501945"]
[BlackFideId "14105578"]
[WhiteElo "2172"]
[BlackElo "1993"]
[Result "0-1"]
[Round "03"]
[TimeControl "180+1"]
[Date "2022.04.13"]
[WhiteClock "0:00:02"]
[BlackClock "0:01:16"]

1. d4 g6 2. Nc3 Bg7 3. e4 d6 4. Be3 c6 5. Qd2 Nd7 6. f4 Ngf6 7. h3 b5 8. a3 Nb6 9. g4 Qc7 10. e5 Nfd5 11. Nxd5 Nxd5 12. Bg2 a5 13. Ne2 h5 14. exd6 Qxd6 15. O-O-O b4 16. a4 hxg4 17. hxg4 Rxh1 18. Rxh1 Bxg4 19. Rh7 Kf8 20. f5 Nxe3 21. Qxe3 Bxe2 22. Qxe2 Qxd4 23. Bxc6 Qxb2+ 0-1


[Site "https://www.chess.com"]

[Event "Titled Tuesday Blitz April 12 Late 2022"]
[White "Fedoseev, Vladimir"]
[Black "Ibarra Jerez, Jose Carlos"]
[WhiteFideId "24130737"]
[BlackFideId "2226332"]
[WhiteElo "2726"]
[BlackElo "2626"]
[Result "1-0"]
[Round "03"]
[TimeControl "180+1"]
[Date "2022.04.12"]
[WhiteClock "0:00:09"]
[BlackClock "0:00:02"]

1. e4 c5 2. Nf3 e6 3. d4 cxd4 4. Nxd4 Bc5 5. Be3 Qb6 6. Nc3 Nc6 7. Na4 Qa5+ 8. c3 Bxd4 9. Bxd4 Nxd4 10. Qxd4 e5 11. Qb4 Qxb4 12. cxb4 Nf6 13. Nc3 d6 14. f3 Be6 15. Rd1 Ke7 16. Be2 Rhd8 17. g4 g5 18. h4 h6 19. hxg5 hxg5 20. Kf2 Rh8 21. Bd3 Rxh1 22. Rxh1 Rc8 23. Re1 Bc4 24. Bb1 Be6 25. b5 Rc5 26. Bd3 Bc4 27. Ke3 Be6 28. Kd2 Rc8 29. Rh1 d5 30. exd5 Nxd5 31. a3 Nf4 32. Be4 Rd8+ 33. Kc2 b6 34. a4 Bc4 35. a5 Bd3+ 36. Kb3 bxa5 37. Ra1 Bxe4 38. fxe4 Ne6 39. Rxa5 Rd7 40. Nd5+ Kf8 41. Kc4 Kg7 42. Ra6 Rb7 43. Rc6 Nd4 44. Rc5 Ne6 45. Rc8 Nd4 46. Nc3 Ne6 47. Kd5 Nd4 48. Rc5 Nb3 49. Rc4 Nd4 50. Rb4 Re7 51. Kd6 Re6+ 52. Kd7 Nf3 53. Ra4 1-0


[Site "https://www.chess.com"]

[Event "Titled Tuesday Blitz April 12 Late 2022"]
[White "Feinberg, Noam"]
[Black "Zherebtsova, Alexandra"]
[WhiteFideId "30942616"]
[BlackFideId "24129518"]
[WhiteElo "2213"]
[BlackElo "2025"]
[Result "0-1"]
[Round "03"]
[TimeControl "180+1"]
[Date "2022.04.13"]
[WhiteClock "0:00:02"]
[BlackClock "0:00:10"]

1. e4 e5 2. Nf3 Nc6 3. Bb5 a6 4. Bxc6 dxc6 5. O-O Ne7 6. Nxe5 Qd4 7. Qh5 g6 8. Qg5 Bg7 9. Nd3 h6 10. Qg3 O-O 11. Qxc7 Re8 12. Re1 b5 13. Nc3 Ra7 14. Qa5 Bb7 15. Qb4 Qd8 16. Nc5 a5 17. Qb3 Ba8 18. d3 Bf8 19. a4 b4 20. Ne2 Nc8 21. Be3 Nd6 22. c3 bxc3 23. bxc3 Rae7 24. Nd4 Qc7 25. Qc2 Nb7 26. Nxb7 Bxb7 27. Nb3 Bc8 28. Bc5 Re5 29. Bxf8 Rxf8 30. d4 Rh5 31. Nc5 Qxh2+ 32. Kf1 Qh1+ 33. Ke2 Qxg2 34. Rg1 Bg4+ 35. Kd3 Qf3+ 36. Kc4 Rh2 37. Raf1 Rb8 38. Qd3 Qxd3+ 39. Kxd3 Be6 40. Nxe6 fxe6 41. Rxg6+ Kf7 0-1


[Site "https://www.chess.com"]

[Event "Titled Tuesday Blitz April 12 Late 2022"]
[White "Fernandez Siles, Luis"]
[Black "Khabinets, Ivan"]
[WhiteFideId "2209420"]
[BlackFideId "14115980"]
[WhiteElo "2212"]
[BlackElo "2114"]
[Result "1-0"]
[Round "03"]
[TimeControl "180+1"]
[Date "2022.04.13"]
[WhiteClock "0:01:50"]
[BlackClock "0:01:13"]

1. e4 e5 2. Nf3 Nc6 3. Bc4 Nf6 4. d4 exd4 5. O-O Nxe4 6. Nc3 dxc3 7. Bxf7+ Kxf7 8. Qd5+ Ke8 9. Re1 Be7 10. Rxe4 Kf8 11. Bg5 d6 12. Rae1 Ne5 13. Rf4+ Bf6 14. Nxe5 Be6 15. Qxe6 dxe5 16. Rxf6+ gxf6 17. Bh6# 1-0


[Site "https://www.chess.com"]

[Event "Titled Tuesday Blitz April 12 Late 2022"]
[White "Foisor, Sabina-Francesca"]
[Black "Soysal, Serkan"]
[WhiteFideId "1212915"]
[BlackFideId "6349250"]
[WhiteElo "2243"]
[BlackElo "2440"]
[Result "1/2-1/2"]
[Round "03"]
[TimeControl "180+1"]
[Date "2022.04.13"]
[WhiteClock "0:00:05"]
[BlackClock "0:00:16"]

1. d4 Nf6 2. c4 g6 3. Nc3 d5 4. Nf3 Bg7 5. e3 O-O 6. b4 a5 7. b5 c5 8. bxc6 Nxc6 9. Ba3 Nb4 10. Be2 Bf5 11. Rc1 Ne4 12. O-O Nxc3 13. Rxc3 Nxa2 14. Rb3 dxc4 15. Bxc4 Rc8 16. Qe2 Qc7 17. Nd2 a4 18. Rb2 Nc3 19. Qf3 b5 20. e4 Bxd4 21. Bxf7+ Rxf7 22. exf5 Rxf5 23. Qd3 Qb6 24. Nf3 e5 25. Qd2 Ne4 26. Qe2 Bxb2 27. Bxb2 Nd6 28. Nxe5 Re8 29. Qd3 Nc4 30. Nxc4 bxc4 31. Qxc4+ Qe6 32. Qc3 Re5 33. Qxe5 Qxe5 34. Bxe5 Rxe5 35. g3 a3 36. Ra1 Ra5 37. Ra2 Kf7 38. Kf1 Ke6 39. Ke2 Kd5 40. Kd3 g5 41. Kc3 Ke4 42. f4 gxf4 43. gxf4 Kxf4 44. Kb3 Kg4 45. Kc3 Kh3 46. Kd3 h5 47. Ke3 h4 48. Kf3 Rf5+ 49. Ke4 Ra5 50. Kf3 Ra8 51. Kf4 Ra5 52. Kf3 1/2-1/2


[Site "https://www.chess.com"]

[Event "Titled Tuesday Blitz April 12 Late 2022"]
[White "Friedel, Tom"]
[Black "Winkels, Marcel"]
[WhiteFideId "2002108"]
[BlackFideId "1003887"]
[WhiteElo "2399"]
[BlackElo "1900"]
[Result "1-0"]
[Round "03"]
[TimeControl "180+1"]
[Date "2022.04.13"]
[WhiteClock "0:00:35"]
[BlackClock "0:00:02"]

1. e4 b6 2. d4 e6 3. Bd3 Bb7 4. Nf3 d6 5. Nbd2 Nd7 6. O-O g6 7. Qe2 Bg7 8. Re1 Ne7 9. a4 a6 10. c3 O-O 11. h4 h6 12. Nf1 e5 13. Ng3 f5 14. exf5 gxf5 15. dxe5 dxe5 16. Nh5 e4 17. Bc4+ Kh7 18. Nd4 Ne5 19. Ne6 Qd7 20. Nhxg7 Rg8 21. Qh5 Ng4 22. Nxf5 Nxf5 23. Qxf5+ Kh8 24. Bf4 e3 25. Be5+ 1-0


[Site "https://www.chess.com"]

[Event "Titled Tuesday Blitz April 12 Late 2022"]
[White "Gatterer, Florian"]
[Black "Tanenbaum, Zachary"]
[WhiteFideId "811688"]
[BlackFideId "2060850"]
[WhiteElo "2218"]
[BlackElo "2168"]
[Result "0-1"]
[Round "03"]
[TimeControl "180+1"]
[Date "2022.04.13"]
[WhiteClock "0:00:18"]
[BlackClock "0:00:54"]

1. b3 e5 2. Bb2 Nc6 3. e3 a6 4. c4 Nf6 5. Nf3 e4 6. Nd4 Bc5 7. Nxc6 dxc6 8. Be2 Bf5 9. O-O Qd6 10. Nc3 O-O-O 11. Na4 Bb4 12. a3 Bxd2 13. c5 Qe6 14. Qc2 Bg4 15. Bxg4 Nxg4 16. Rad1 Bxe3 17. h3 Nxf2 18. Rxd8+ Rxd8 19. Rxf2 Rd2 20. Qxd2 Bxd2 21. Rxd2 Qxb3 22. Nc3 Qc4 23. Re2 Qxc5+ 24. Kf1 f5 25. g4 g6 26. a4 b5 27. axb5 cxb5 28. gxf5 gxf5 29. Rd2 f4 30. Ne2 f3 31. Nd4 e3 32. Rd3 Qc4 0-1


[Site "https://www.chess.com"]

[Event "Titled Tuesday Blitz April 12 Late 2022"]
[White "Grave, Jacob Templen"]
[Black "Hartikainen, Jarmo"]
[WhiteFideId "1542656"]
[BlackFideId "503134"]
[WhiteElo "1737"]
[BlackElo "2125"]
[Result "1-0"]
[Round "03"]
[TimeControl "180+1"]
[Date "2022.04.13"]
[WhiteClock "0:00:06"]
[BlackClock "0:00:10"]

1. b3 g6 2. Bb2 Nf6 3. Nf3 Bg7 4. e3 d6 5. c4 e5 6. d3 O-O 7. Be2 b6 8. O-O Bb7 9. Nbd2 Nbd7 10. Rc1 Re8 11. d4 e4 12. Ne1 c6 13. b4 d5 14. c5 b5 15. a4 a6 16. Qb3 Qe7 17. Nc2 Bh6 18. Ra1 Nf8 19. Ra3 Bg5 20. axb5 axb5 21. Rfa1 Rxa3 22. Rxa3 h5 23. Ra7 Ra8 24. Qa2 Rxa7 25. Qxa7 Kg7 26. Bxb5 Qd7 27. Be2 Ng4 28. h3 Nh6 29. b5 Ne6 30. bxc6 Bxc6 31. Qxd7 Bxd7 32. Nb4 Nd8 33. Nb3 Nf5 34. Na5 Ne7 35. Bc1 Bf6 36. f4 Kf8 37. Kf2 Ke8 38. Kg3 Ndc6 39. Nbxc6 Nxc6 40. Nxc6 Bxc6 41. Kf2 Kd7 42. g4 Bh4+ 43. Kf1 hxg4 44. hxg4 Kc7 45. Bd2 Kb7 46. Ba5 Bd7 47. Bb6 Bc6 48. Kg2 Bd7 49. Kh3 Be7 50. Kg3 Bc6 51. f5 g5 52. Bd1 Bf6 53. Be2 Be7 54. Bf1 Bf6 55. Bg2 Be7 56. Ba5 Bf6 57. Be1 Be7 58. Kf2 Ka6 59. Ke2 Kb5 60. Kd2 Kc4 61. Bf1+ Kb3 62. Ba6 Ka4 63. Kc3 Bf6 64. Be2 Be7 65. Kb2 f6 66. Bc3 Bd8 67. Ka2 Bb5 68. Bd1# 1-0


[Site "https://www.chess.com"]

[Event "Titled Tuesday Blitz April 12 Late 2022"]
[White "Hnydiuk, Aleksander"]
[Black "Lashkin, Jegor"]
[WhiteFideId "1109057"]
[BlackFideId "13907808"]
[WhiteElo "2374"]
[BlackElo "2368"]
[Result "0-1"]
[Round "03"]
[TimeControl "180+1"]
[Date "2022.04.12"]
[WhiteClock "0:00:08"]
[BlackClock "0:00:12"]

1. Nf3 d5 2. d4 Nf6 3. c4 e6 4. g3 dxc4 5. Bg2 a6 6. O-O Nc6 7. Nbd2 b5 8. a4 Rb8 9. axb5 axb5 10. Ne5 Nxe5 11. dxe5 Nd7 12. Ne4 Bb7 13. Bg5 Be7 14. Bxe7 Qxe7 15. Ra7 Bxe4 16. Bxe4 Nxe5 17. Qd4 Qd6 18. Rd1 Qxd4 19. Rxd4 c5 20. Rd6 O-O 21. f4 Ng4 22. Rc6 Nf6 23. Bf3 Rfc8 24. Rac7 Rxc7 25. Rxc7 b4 26. Rxc5 c3 27. b3 Kf8 28. Kf2 Ke7 29. Ke1 Kd6 30. Rc6+ Kd7 31. Rc4 Nd5 32. e4 Ne3 33. Rd4+ Kc7 34. Ke2 Nc2 35. Rc4+ Kd7 36. e5 Rb6 37. Be4 Na1 38. Rd4+ Ke7 39. Rd1 Nxb3 40. Bc2 Nc5 0-1


[Site "https://www.chess.com"]

[Event "Titled Tuesday Blitz April 12 Late 2022"]
[White "Hoffmann, Asa"]
[Black "Wang, Jalen"]
[WhiteFideId "2001470"]
[BlackFideId "2078058"]
[WhiteElo "2117"]
[BlackElo "2084"]
[Result "0-1"]
[Round "03"]
[TimeControl "180+1"]
[Date "2022.04.13"]
[WhiteClock "0:00:55"]
[BlackClock "0:01:02"]

1. d4 f5 2. Nc3 d5 3. f3 Nf6 4. Bg5 h6 5. Bxf6 exf6 6. e4 Bb4 7. exf5 Bxf5 8. Bd3 Bxd3 9. Qxd3 O-O 10. Ne2 c6 11. O-O-O Qc7 12. h4 Nd7 13. g4 Bd6 14. Kb1 b5 15. g5 f5 16. gxh6 gxh6 17. Rhg1+ Kh7 18. h5 Rf6 19. Rg6 Raf8 20. Rdg1 Nb6 21. b3 a5 22. Nd1 a4 23. Ne3 Qd7 24. Ng3 Bxg3 25. R1xg3 Qf7 26. Rg7+ Qxg7 27. Rxg7+ Kxg7 28. Ng2 axb3 29. axb3 Nc8 30. Nf4 Nd6 31. Qf1 Kh7 32. Ng6 Re8 33. Qg2 b4 34. Qd2 Rb8 35. Qf4 Rb7 36. Qe5 Rbf7 37. Ne7 Nb5 38. Nxc6 Rxc6 39. Qe8 Nc3+ 40. Kb2 Rcc7 41. f4 Ra7 42. Qe6 Ra2+ 43. Kc1 Ra1+ 44. Kd2 Rd1+ 45. Ke3 Re1+ 0-1


[Site "https://www.chess.com"]

[Event "Titled Tuesday Blitz April 12 Late 2022"]
[White "Holt, Conrad"]
[Black "Bilan, Danila"]
[WhiteFideId "2034387"]
[BlackFideId "24161918"]
[WhiteElo "2586"]
[BlackElo "2164"]
[Result "1-0"]
[Round "03"]
[TimeControl "180+1"]
[Date "2022.04.12"]
[WhiteClock "0:00:10"]
[BlackClock "0:00:10"]

1. d4 d5 2. c4 c6 3. Nc3 Nf6 4. e3 e6 5. Bd3 Nbd7 6. e4 dxe4 7. Nxe4 Nxe4 8. Bxe4 Bb4+ 9. Bd2 Qe7 10. Nf3 O-O 11. O-O Bxd2 12. Qxd2 Nf6 13. Bc2 b6 14. Rfe1 Bb7 15. Qg5 Rfe8 16. a3 h6 17. Qf4 Rad8 18. h4 Qd6 19. Qxd6 Rxd6 20. c5 Rdd8 21. Rac1 Nd5 22. Be4 f6 23. g3 Re7 24. Nd2 b5 25. Nb3 Kf7 26. Rc2 e5 27. Rce2 Rde8 28. Na5 Ba8 29. dxe5 Rxe5 30. f4 R5e7 31. Kf2 a6 32. h5 Kf8 33. Bf3 Rxe2+ 34. Rxe2 Rd8 35. Re6 Kf7 36. Re2 Rd7 37. Bg4 Rd8 38. Be6+ Kf8 39. Bf5 Ne7 40. Be4 Nd5 41. Rd2 Rd7 42. Kf3 Ke7 43. Bf5 Rd8 44. Re2+ Kf8 45. Be4 Ne7 46. Kf2 Nd5 47. Rd2 Ke7 48. Bf3 Rd7 49. Bg4 Rd8 50. Bh3 Kf8 51. Bg2 Ke7 52. Bxd5 cxd5 53. Ke3 Ke6 54. g4 Rc8 55. Kd4 Rd8 56. Re2+ Kd7 57. f5 Bc6 58. Re6 Ba8 59. Rd6+ Kc7 60. Rxd8 Kxd8 61. c6 Kc7 62. Kxd5 Kb6 63. b4 Kc7 64. Kc5 Kb8 65. Kd6 Kc8 66. Nb3 Kd8 67. Nc5 Ke8 68. Ne6 Kf7 69. c7 Bb7 70. Kd7 1-0


[Site "https://www.chess.com"]

[Event "Titled Tuesday Blitz April 12 Late 2022"]
[White "Indjic, Aleksandar"]
[Black "Lin, Dachey"]
[WhiteFideId "911925"]
[BlackFideId "2029650"]
[WhiteElo "2616"]
[BlackElo "2313"]
[Result "1-0"]
[Round "03"]
[TimeControl "180+1"]
[Date "2022.04.12"]
[WhiteClock "0:01:23"]
[BlackClock "0:00:15"]

1. d4 g6 2. e4 Bg7 3. Nc3 d5 4. Nxd5 c6 5. Ne3 Qxd4 6. Qxd4 Bxd4 7. c3 Bg7 8. f4 Nf6 9. e5 Nd5 10. g3 Be6 11. Nf3 Nxe3 12. Bxe3 Bd5 13. Kf2 f6 14. exf6 exf6 15. Rg1 Nd7 16. f5 Ne5 17. Nxe5 fxe5 18. fxg6 hxg6 19. h4 O-O+ 20. Ke1 Rf3 21. Bg5 e4 22. Be2 Rf7 23. Be3 b5 24. Kd2 Rd8 25. Kc2 Bc4 26. Rae1 Bd3+ 27. Kc1 Bxe2 28. Rxe2 Rf3 29. Bf4 e3 30. Rge1 Rd3 31. Kc2 Rd5 32. Rxe3 Rxe3 33. Rxe3 Kf7 34. Re4 a5 35. b3 Rc5 36. c4 a4 37. bxa4 bxa4 38. g4 Ra5 39. Be3 Re5 40. Rxe5 Bxe5 41. Kd3 Ke6 42. Ke4 Bh8 43. Bd4 1-0


[Site "https://www.chess.com"]